 Dungeon Crawl Stone Soup version 0.31-a0-234-gad7ace16ef (webtiles) character file.

Game seed: 18277870950274239868

599 Ijustatesigmund the Stinger (level 7, -4/43 HPs)
             Began as an Octopode Venom Mage on July 10, 2023.
             Slain by Duvessa
             ... wielding a +0 short sword
              (17 damage)
             ... on level 5 of the Dungeon.
             The game lasted 00:07:02 (5449 turns).

Ijustatesigmund the Stinger (Octopode Venom Mage)   Turns: 5449, Time: 00:07:03

Health: -4/43      AC:  1    Str:  7    XL:     7   Next: 41%
Magic:  12/12      EV: 13    Int: 20    God:
Gold:   193        SH:  5    Dex: 12    Spells: 3/13 levels left

rFire   . . .        b - +0 spear
rCold   . . .        (no shield)
rNeg    . . .        (helmet restricted)
rPois   +            s - amulet of reflection
rElec   .            g - ring of poison resistance
rCorr   .            (no ring)
SInv    .            (no ring)
Will    .....        (no ring)
Stlth   +++          (no ring)
HPRegen 0.27/turn    (no ring)
MPRegen 0.13/turn    (no ring)
                     (no ring)

%: reflection
@: on berserk cooldown, slowed, very slow
A: almost no armour, amphibious, 8 rings, camouflage 1, gelatinous body 1,
(nimble swimmer 1), tentacles
a: no special abilities


You were on level 5 of the Dungeon.
You visited 1 branch of the dungeon, and saw 5 of its levels.

You collected 193 gold pieces.

Inventory:

Hand Weapons
 b - a +0 spear (weapon)
Missiles
 h - a curare-tipped dart (quivered)
Jewellery
 g - a ring of poison resistance (left tentacle)
 r - a ring of ice
 s - an amulet of reflection (around mantle)
 t - an amulet of guardian spirit
Scrolls
 c - 2 scrolls of fog {unknown}
 k - a scroll of torment {unknown}
 m - a scroll of poison {unknown}
 n - 3 scrolls of noise {unknown}
 o - 2 scrolls of identify
 p - a scroll of butterflies {unknown}
 q - a scroll of teleportation {unknown}
Potions
 a - a potion of magic
 d - a potion of heal wounds {unknown}
 e - 2 potions of cancellation
 i - 2 potions of curing {unknown}
 j - a potion of invisibility {unknown}
 l - 2 potions of brilliance


   Skills:
 - Level 1.3 Fighting
 + Level 1.8 Polearms
 - Level 2.0 Dodging
 - Level 2.6 Stealth
 + Level 3.8 Spellcasting
 + Level 3.0 Conjurations
 - Level 1.0 Transmutations
 + Level 3.3 Air Magic
 + Level 5.7 Poison Magic


You had 3 spell levels left.
You knew the following spells:

 Your Spells              Type           Power      Damage    Failure   Level
a - Sting                 Tmut/Pois      68%        1d6       3%          1
b - Poisonous Vapours     Pois/Air       44%        N/A       3%          2
c - Mephitic Cloud        Conj/Pois/Air  20%        N/A       8%          3
d - Olgreb's Toxic Radia  Pois           27%        N/A       12%         4

Your spell library contained the following spells:

 Spells                   Type           Power      Damage    Failure   Level
 Summon Guardian Golem    Hex/Summ       3%         N/A       36%         3
 Orb of Destruction       Conj           8%         9d6       100%        7
 Spellforged Servitor     Conj/Summ      4%         N/A       100%        7


Dungeon Overview and Level Annotations

Branches:
Dungeon (5/15)
 Temple: D:4-7

Altars:
Dithmenos
Kikubaaqudgha
Ru
Sif Muna

Shops:
D:1 (

Annotations:
D:5 Duvessa


Innate Abilities, Weirdness & Mutations

You cannot wear most types of armour.
You are amphibious.
You can wear up to eight rings at the same time.
Your skin changes colour to match your surroundings (Stealth+).
Your rubbery body absorbs attacks. (AC +1, EV +1)
((You are camouflaged when in or above water. (Stealth+)))
You have tentacles for arms and can constrict up to eight enemies at once.


Message History

You throw a curare-tipped dart.
The curare-tipped dart hits the ice beast.
Throw: 2 darts (curare)
Press: ? - help, Q - select action, (/) - cycle Shift-Dir - straight line, f/p - ice beast
Aim: an ice beast (56% to hit)
You throw a curare-tipped dart.
The curare-tipped dart hits the ice beast.
You hear a shout!
A red film seems to cover your vision as you go berserk!
You feel yourself moving faster!
You feel mighty!
You closely miss the ice beast. Your squeeze misses the ice beast.
The ice beast hits you. The ice beast freezes you!
You hit the ice beast. You squeeze the ice beast.
The ice beast is moderately wounded.
You hear a shout!
The ice beast hits you. The ice beast freezes you!
You puncture the ice beast!
The ice beast is severely wounded.
You hit the ice beast.
You squeeze the ice beast, but do no damage.
The ice beast is almost dead.
You hear a shout!
The ice beast barely misses you.
You barely miss the ice beast.
The ice beast is almost dead.
The ice beast hits you. The ice beast freezes you!
You closely miss the ice beast. Your squeeze misses the ice beast.
The ice beast is almost dead.
You barely miss the ice beast. You squeeze the ice beast.
You kill the ice beast!
You hear a shout!
Your Conjurations skill increases to level 3!
You feel a strong urge to attack something.
You hear a shout!
You are no longer berserk.
You are exhausted.
You feel yourself slow down. Duvessa barely misses you.
Duvessa hits you with a +0 short sword. Duvessa hits you with a +0 short sword!
You die...

#.#.##...####.##.#####.#....
#.#.###.## #>.........#<...#
#.#.# #.# ####............#
#.#.###.# ##########...#
#....##.# .... #.#..##.####
.# #.#).#.....# #########. #
#.#..#.....######.........
#†#..#......@.......)(.(..
#.#..#.....##e#†#..#.#(.##
#.#..#........#.#..# #
#.....##.###..###..###..#
..........#.# #.............
####........####.###..###..#
#............)...#..# #
##.......###.#.###..#
#......## #.........


You could see Duvessa (berserk).

Vanquished Creatures
  An ice beast (D:5)
  A centaur (D:5)
  A scorpion (D:4)
  Dowan (D:5)
  2 hounds
  An iguana (D:4)
  A sleepcap (D:5)
  An orc wizard (D:5)
  Robin (D:4)
  8 adders
  3 worms
  A dart slug (D:3)
  4 orcs
  11 ball pythons
  2 bats
  6 endoplasms
  3 giant cockroaches
  10 goblins
  13 hobgoblins
  3 jackals (D:1)
  6 quokkas
  12 kobolds
  5 rats
97 creatures vanquished.

Notes
Turn   | Place    | Note
-------+----------+-------------------------------------------
     0 | D:1      | Ijustatesigmund the Octopode Venom Mage began the quest for
                  | the Orb.
     0 | D:1      | Reached XP level 1. HP: 11/11 MP: 3/3
   249 | D:1      | Found Voaff's Antique Weapon Shoppe.
   269 | D:1      | Reached XP level 2. HP: 16/18 MP: 1/5
   311 | D:1      | Learned a level 2 spell: Poisonous Vapours
   501 | D:1      | Reached skill level 1 in Fighting
   538 | D:1      | Reached skill level 4 in Poison Magic
   973 | D:1      | Reached XP level 3. HP: 19/23 MP: 3/6
  1366 | D:1      | Reached skill level 1 in Air Magic
  1758 | D:2      | Learned a level 3 spell: Mephitic Cloud
  2089 | D:2      | Reached XP level 4. HP: 26/28 MP: 3/7
  2390 | D:2      | Found a shimmering blue altar of Sif Muna.
  2661 | D:2      | Reached skill level 1 in Conjurations
  3358 | D:4      | Reached XP level 5. HP: 32/33 MP: 1/9
  3368 | D:4      | Noticed Robin
  3384 | D:4      | Killed Robin
  4191 | D:4      | Found an ancient bone altar of Kikubaaqudgha.
  4198 | D:4      | Reached skill level 5 in Poison Magic
  4198 | D:4      | Reached XP level 6. HP: 38/38 MP: 5/10
  4248 | D:4      | Learned a level 4 spell: Olgreb's Toxic Radiance
  4352 | D:4      | Found a shadowy altar of Dithmenos.
  4461 | D:4      | Found a sacrificial altar of Ru.
  4950 | D:5      | Entered Level 5 of the Dungeon
  5083 | D:5      | Noticed an ice beast
  5089 | D:5      | Reached skill level 1 in Polearms
  5336 | D:5      | Noticed Dowan
  5338 | D:5      | Noticed Duvessa
  5344 | D:5      | Killed Dowan
  5345 | D:5      | Reached XP level 7. HP: 43/43 MP: 0/12
  5449 | D:5      | Slain by Duvessa

Illustrated notes

Levels and vault maps discovered:
D:1:      lightli_arrival_quake, layout_basic, serial_shops, shop
D:2:      wander_river, layout_loops_ring, basic_altar
D:3:      layout_basic, kennysheep_cluttered_room, hex_tiny
D:4:      layout_loops_ring, nicolae_ru_awakened_eye,
          mainiacjoe_overflow_brackets,
          nicolae_dithmenos_through_a_glass_darkly, uniq_robin
D:5:      layout_loops_ring, nicolae_overflow_crystal_walls,
          chequers_serial_rivers_micro_c, chequers_serial_rivers_large_b,
          kennysheep_donut, solitary_fountain, minmay_misc_feat_nine_boxes,
          hangedman_abyss_or_decor_stabs, uniq_pikel, uniq_grinder,
          uniq_duvessa, uniq_ijyb

Skill      XL: |  1  2  3  4  5  6  7 |
---------------+----------------------+-----
Fighting       | 1 |  1.3
Poison Magic   | 4 5 |  5.7
Air Magic      | 1 2 3 |  3.3
Conjurations   | 1 2 3 |  3.0
Spellcasting   | 3 |  3.8
Polearms       | 1 |  1.8
Dodging        | |  2.0
Stealth        | |  2.6
Transmutations | |  1.0

Action                     |  1- 3 |  4- 6 |  7- 9 || total
---------------------------+-------+-------+-------++-------
  Melee: Unarmed           |     6 |       |       ||     6
         Short sword       |    55 |    29 |       ||    84
         Constrict         |    14 |    26 |     2 ||    42
         Tentacles         |     6 |    23 |     4 ||    33
         Spear             |       |    87 |    14 ||   101
         Punch             |       |     1 |       ||     1
  Throw: Dart              |       |       |     3 ||     3
   Cast: Sting             |     9 |    14 |       ||    23
         Poisonous Vapours |    28 |    51 |       ||    79
         Mephitic Cloud    |       |     1 |       ||     1
         Olgreb's Toxic Ra |       |     1 |       ||     1
    Use: Scroll            |       |     3 |       ||     3
         Potion            |       |       |     1 ||     1
   Stab: Sleeping          |     3 |     4 |       ||     7
 Armour: Skin              |     3 |     6 |     1 ||    10
  Dodge: Dodged            |    28 |    59 |     5 ||    92
  Block: Other             |       |     4 |       ||     4
         Reflection        |       |     1 |       ||     1

Table legend: (Time is in decaauts)
 A = Elapsed time spent in this place.
 B = Non-inter-level travel time spent in this place.
 C = Inter-level travel time spent in this place.
 D = Time resting spent in this place.
 E = Time spent auto-exploring this place.
 F = Levels seen in this place.
 G = Mean time per level.
                   A        B        C        D        E       F      G
               +--------+--------+--------+--------+--------+-----+--------+
         Total |   5455 |   5363 |     92 |   1131 |   3571 |   5 | 1091.0 |
       Dungeon |   5455 |   5363 |     92 |   1131 |   3571 |   5 | 1091.0 |
               +--------+--------+--------+--------+--------+-----+--------+

Top non-repeatable levels by time:
     D:1: 1681 daAuts
     D:4: 1235 daAuts
     D:2: 1108 daAuts
     D:3: 931 daAuts
     D:5: 498 daAuts
